 Dungeon Crawl Stone Soup version 0.27-a0-789-g6bb3289e1e (webtiles) character file.

Game seed: 5956830853304792843

51 Goblin1989 the Cutter (level 3, -2/28 HPs)
             Began as a Djinni Gladiator on Mar 26, 2021.
             Slain by an ogre
             ... wielding a +0 giant club
              (7 damage)
             ... on level 4 of the Dungeon.
             The game lasted 00:05:03 (2901 turns).

Goblin1989 the Cutter (Djinni Gladiator)            Turns: 2901, Time: 00:05:04

Health: -2/28      AC: 11    Str: 13    XL:     3   Next: 83%
Gold:   101        EV:  7    Int:  9    God:
                   SH: 10    Dex: 15

rFire    + + .     SeeInvis .   V - +2 dagger (protect)
rCold    x . .     Faith    .   S - +0 tower shield
rNeg     . . .     Spirit   .   b - +0 leather armour
rPois    ∞         Reflect  .   c - +0 helmet
rElec    .         Harm     .   (no cloak)
rCorr    .         Rampage  .   (no gloves)
Will     .....                  (boots unavailable)
Stlth    ++........             (no amulet)
HPRegen  0.09/turn              (no ring)
MPRegen  0.00/turn              (no ring)

@: protection aura, flying
A: fire resistance 2, cold vulnerability 1, float, innate caster, hp casting,
extra vitality 1
a: no special abilities


You were on level 4 of the Dungeon.
You visited 1 branch of the dungeon, and saw 4 of its levels.

You collected 101 gold pieces.

Inventory:

Hand Weapons
 a - a +0 rapier
 V - a +2 dagger of protection (weapon)
Missiles
 Z - 3 throwing nets (quivered) {!d , @Q1}
Armour
 b - a +0 leather armour (worn)
 c - a +0 helmet (worn)
 S - a +0 tower shield (worn)
Scrolls
 X - a scroll of identify {unknown}
 Y - a scroll of fog {unknown}
Potions
 U - a potion of attraction {unknown}
 W - a potion of curing {unknown}


   Skills:
 - Level 2.0 Fighting
 * Level 3.8 Short Blades
 - Level 1.5 Throwing
 - Level 3.2 Dodging
 + Level 1.4 Stealth
 + Level 0.1 Shields


You had one spell level left.
You knew the following spells:

 Your Spells              Type           Power      Damage    Failure   Level
a - Beastly Appendage     Tmut           0%         N/A       100%        1
Your spell library was empty.


Dungeon Overview and Level Annotations

Branches:
Dungeon (4/15)
 Temple: D:4-7

Altars:
Elyvilon

Shops:
D:3 !:

Annotations:
D:2 Sigmund, Terence


Innate Abilities, Weirdness & Mutations

You are immune to poison.
Your flesh is very heat resistant. (rF++)
You are vulnerable to cold. (rC-)
You float through the air rather than walking.
You learn spells naturally, not from books.
Your magical power is your life essence.
You have superior vitality. (+4 HP)


Message History

Terence is moderately wounded.
Terence hits you but does no damage.
You hit Terence.
Terence is moderately wounded.
Terence looks scornfully at you. Terence hits you but does no damage.
Terence hits you with a +0 mace.
* * * LOW HITPOINT WARNING * * *
You take 4 damage, and have 12/28 hp.
You hit Terence but do no damage.
Terence is moderately wounded.
Terence hits you with a +0 mace!
* * * LOW HITPOINT WARNING * * *
You take 9 damage, and have 3/28 hp.
MASSIVE DAMAGE!!
You hit Terence but do no damage.
Terence is moderately wounded.
Terence hits you with a +0 mace.
* * * LOW HITPOINT WARNING * * *
You take 1 damage, and have 2/28 hp.
You hit Terence but do no damage.
Terence is moderately wounded.
You block Terence's attack. Terence hits you but does no damage.
Terence shouts, "Get ready for death!"
There is an open door here.
There is an open door here.
Terence shouts, "DIE!!!"
The endoplasm jiggles.
Things that are here:
a +0 whip; a kobold corpse Terence shouts, "DIE!!!"
As you read the scroll of teleportation, it crumbles to dust.
You feel strangely unstable. Terence completely misses you.
There is an open door here.
Your surroundings suddenly seem different.
Sigmund shouts!
Unknown command.
There is a stone staircase leading up here.
You fly upwards.
There is a stone staircase leading down here.
You start resting.
HP restored.
Health restored: 28
There is an escape hatch in the floor here.
There is a stone staircase leading down here.
You fly downwards.
Level annotation: Sigmund, Terence
There is a stone staircase leading up here.
There is an open door here.
There is an open door here.
You see here a +0 club.
There is an open door here.
There is a stone staircase leading down here.
Unknown command.
You fly downwards.
Found a +0 short sword.
Found a stone staircase leading up.
There is a stone staircase leading up here.
The orc shouts!
The orc shouts!
A hobgoblin comes into view.
There is a stone staircase leading up here.
There is a stone staircase leading down here.
The orc hits you but does no damage. You block the orc's attack.
There is a stone staircase leading down here.
You block the orc's attack. The orc hits you with a +0 hand axe.
You fly downwards.
An ogre comes into view. It is wielding a +0 giant club.
There is a stone staircase leading up here.
You take 1 damage, and have 27/28 hp.
Unknown command.
You hit the orc.
Your weapon exudes an aura of protection.
The orc is heavily wounded.
You block the orc's attack.
Health restored: 28 You hit the orc.
The orc is moderately wounded.
You block the orc's attack. The orc barely misses you.
The orc hits you but does no damage.
You closely miss the orc.
The orc is moderately wounded.
You block the orc's attack.
You hit the orc.
Your weapon exudes an aura of protection.
The orc is heavily wounded.
You block the orc's attack. The orc barely misses you.
You closely miss the orc.
The orc is heavily wounded.
The orc completely misses you.
You hit the orc.
The orc is severely wounded.
The orc completely misses you.
You hit the orc.
You kill the orc!
The ogre hits you with a +0 giant club!!
Ouch! That really hurt!
* * * LOW HITPOINT WARNING * * *
You take 23 damage, and have 5/28 hp.
MASSIVE DAMAGE!!
You hit the ogre.
The ogre is lightly wounded.
The ogre hits you with a +0 giant club!
You die...

█..█ ....
█..█ █..█
█..█ █..█
█..█ █..█
█..█ █..█
█..█████<.█
█...O.....█
██.█████████.
█.oO@.......
███████████.


You could see an ogre and an orc.

Vanquished Creatures
  An orc (D:4)
  6 bats
  6 endoplasms
  4 giant cockroaches (D:1)
  4 hobgoblins
  4 kobolds
  A quokka (D:1)
  7 ball pythons
  3 frilled lizards
  4 goblins (D:1)
  3 rats (D:1)
43 creatures vanquished.

Notes
Turn   | Place    | Note
-------+----------+-------------------------------------------
     0 | D:1      | Goblin1989 the Djinni Gladiator began the quest for the
                  | Orb.
     0 | D:1      | Reached XP level 1. HP: 18/18 MP: 0/0
   326 | D:1      | Reached XP level 2. HP: 23/23 MP: 0/0
   527 | D:1      | Reached skill level 1 in Stealth
   767 | D:1      | Reached XP level 3. HP: 26/28 MP: 0/0
   767 | D:1      | Learned a level 1 spell: Beastly Appendage
  1590 | D:2      | Noticed Sigmund
  2079 | D:2      | You are sucked into a shaft and drop 1 floor!
  2079 | D:3      | Found Zonarphe's Distillery.
  2088 | D:3      | Found Hagrah's Book Emporium.
  2492 | D:2      | Found a white marble altar of Elyvilon.
  2493 | D:2      | Noticed Terence
  2883 | D:4      | Noticed an ogre
  2901 | D:4      | Slain by an ogre

Illustrated notes

Levels and vault maps discovered:
D:1:      roderic_dead_forest, layout_basic
D:2:      layout_loops_corners, lemuel_round_altar, grunt_ministairs_4,
          uniq_sigmund, uniq_terence
D:3:      layout_rooms, grunt_temple_overflow_champion_of_chaos,
          lemuel_doored_altar, general_overflow_altar, serial_shops, shop,
          nicolae_shop_temple_entry_statues_fountains, nicolae_shop_stone, shop,
          minmay_misc_feat_doors, dk_vineyard_3
D:4:      layout_basic, grunt_qazlal_sundering, grunt_ashenzari_visionary
          [grunt_ashenzari_visionary_swamp, grunt_ashenzari_visionary_snake]

Skill      XL: |  1  2 |
---------------+-------+-----
Short Blades   | 3 |  3.8
Stealth        | 1 |  1.4
Fighting       | |  2.0
Throwing       | |  1.5
Dodging        | |  3.2
Shields        | |  0.1

Action                   || total
-------------------------++-------
Melee: Rapier            ||   124
       Dagger            ||    28
  Use: Scroll            ||     2
 Stab: Sleeping          ||     5
Armor: Leather armour    ||    44
Dodge: Dodged            ||    77
Block: Tower shield      ||    37

Table legend: (Time is in decaauts)
 A = Elapsed time spent in this place.
 B = Non-inter-level travel time spent in this place.
 C = Inter-level travel time spent in this place.
 D = Time resting spent in this place.
 E = Time spent auto-exploring this place.
 F = Levels seen in this place.
 G = Mean time per level.
                   A        B        C        D        E       F      G
               +--------+--------+--------+--------+--------+-----+--------+
         Total |   2921 |   2827 |     94 |    450 |   1869 |   4 |  730.2 |
       Dungeon |   2921 |   2827 |     94 |    450 |   1869 |   4 |  730.2 |
               +--------+--------+--------+--------+--------+-----+--------+

Top non-repeatable levels by time:
     D:1: 1590 daAuts
     D:2: 1176 daAuts
     D:3: 134 daAuts
     D:4: 19 daAuts
